[Event "Late-Titled-Tuesday-Blitz-July-09-2024"]
[Site "Chess.com"]
[Date "2024.07.09"]
[Round "7"]
[White "ritanovikova"]
[Black "WilsonPalencia21"]
[Result "0-1"]
[WhiteElo "2140"]
[BlackElo "2566"]
[TimeControl "180+1"]
[EndTime "15:17:16 PDT"]
[Termination "WilsonPalencia21 won on time"]

1. e4 c5 2. Nc3 Nc6 3. d3 g6 4.
Be3 d6 5. Qd2 Bg7 6. g3 e5 7.
Bg2 Nge7 8. Bh6 Bxh6 9. Qxh6 Nd4 10. Qd2 Qa5 11. Nge2 Bh3 12. Nxd4 Bxg2 13. Nb3 Qd8 14. Rg1 Bh3 15. g4 h5 16. f3 hxg4 17. fxg4 Nc6 18.
O-O-O Qh4 19. Nd5 O-O-O 20. Ne3 Kb8 21. Rg3 Nd4 22. c3 Ne6 23. Rdg1 Nf4 24. Nd5 Qh6 25. Ne3 Rdf8 26. Kc2 f5 27. gxf5 gxf5 28. Nxf5 Bxf5 29.
exf5 Qxh2 30. Nc1 Qxd2+ 31. Kxd2 Rh2+ 32. Ke3 Nd5+ 33. Ke4 Nf6+ 34. Ke3 Rxb2 35. d4 exd4+ 36. cxd4 c4 37. d5 Nxd5+ 38. Kd4 Nb6 39. Rg8 Rxg8 40.
Rxg8+ Kc7 41. f6 Rf2 42. Rg7+ Kc6 43. f7 Nd7 44. Ke3 Rf6 45. Ne2 Ne5 46. Nd4+ Kd5 47. Nb5 Rxf7 48. Rg5 a6 49. Nc7+ Rxc7 50. Rg6 b5 51.
Rg7 Rxg7 0-1

[Event "Late-Titled-Tuesday-Blitz-July-09-2024"]
[Site "Chess.com"]
[Date "2024.07.09"]
[Round "7"]
[White "saikrishnaReturns"]
[Black "OparinGrigoriy"]
[Result "0-1"]
[WhiteElo "2790"]
[BlackElo "3015"]
[TimeControl "180+1"]
[EndTime "15:17:17 PDT"]
[Termination "OparinGrigoriy won by checkmate"]

1. e4 c5 2. Nf3 Nc6 3. Bb5 e5 4. O-O Bd6 5. Na3 Bc7 6. c3 a6 7.
Bc4 b5 8. Bd5 Nge7 9. d4 cxd4 10.
cxd4 O-O 11. Nxe5 Nxd5 12. exd5 Nxe5 13. dxe5 Bxe5 14. Re1 d6 15. Nc2 Qh4 16. g3 Qh3 17. f4 Bf6 18. Nb4 Bg4 19. Qb3 Bd4+ 20. Be3 Bf3 21. Qc2 Bf6 22. Qf2 Qh5 23. Bd4 Bxd4 24. Qxd4 Rfe8 25. Nxa6 Rec8 26. Nb4 Rc4 27. Qd2 h6 28.
Re3 f5 29. Nd3 Rac8 30. Ne1 Be4 31. b3 R4c5 32. a4 Rxd5 33. Qe2 Qf7 34. a5 Qa7 35. Qf2 b4 36. Re2 Rdc5 37. Rd2 d5 38. Qd4 R8c7 39. a6 Kh7 40. Kf2 R7c6 41. Nf3 Qa8 42. Ne5 Rc7 43. a7 Rc3 44. Rda2 Rc2+ 45. Rxc2 Rxc2+ 46. Ke1 Rxh2 47. Ra6 Qc8 48. Rc6 Qe8 49. Qc5 Qh5 50. Rxh6+ Kxh6 51. Qd6+ Kh7 52. Qg6+ Qxg6 53. Nxg6 Ra2 54. Nf8+ Kh6 55.
Nd7 Rxa7 56. Ne5 Ra2 57. Kf1 Kh5 58. Kg1 g5 59. fxg5 Kxg5 60. g4 fxg4 61. Nf7+ Kf4 62. Nd6 g3 63. Kf1 Kf3 64. Nf5 Ra1# 0-1

[Event "Late-Titled-Tuesday-Blitz-July-09-2024"]
[Site "Chess.com"]
[Date "2024.07.09"]
[Round "7"]
[White "KebabJangles"]
[Black "JoJoZP"]
[Result "0-1"]
[WhiteElo "2370"]
[BlackElo "2536"]
[TimeControl "180+1"]
[EndTime "15:17:17 PDT"]
[Termination "JoJoZP won by checkmate"]

1. d4 Nf6 2. c4 g6 3. g3 Bg7 4. Bg2 c6 5. Nf3 d5 6. O-O O-O 7. Ne5 Ng4 8. cxd5 cxd5 9. Nxg4 Bxg4 10. Nc3 Nc6 11. h3 Be6 12. Be3 Qd7 13. Na4 b6 14. Rc1 Rfc8 15. Kh2 h5 16. h4 Bg4 17. Nc3 e6 18. Qd2 Na5 19. b3 Rc7 20. Bf4 Rc6 21. Na4 Rac8 22. e3 Bf8 23. Rxc6 Qxc6 24. Nc5 bxc5 25. Qxa5 cxd4 26. exd4 Qb6 27. Qxb6 axb6 28. Rc1 Rxc1 29. Bxc1 Bg7 30. Bb2 Kf8 31. f4 Bf5 32.
Kg1 Bb1 33. a3 Ba2 34. b4 b5 35.
Bf1 Bc4 36. Bxc4 dxc4 37. Kf2 Ke7 38. Ke3 Kd6 39. Ke4 Kc6 40. Bc3 Kd6 41. Ba1 Bf8 42. Bc3 Be7 43. Ba1 f6 44. Bc3 g5 45. hxg5 fxg5 46. Bd2 g4 47. Be1 Bf6 48. Bf2 Kc6 49.
f5 exf5+ 50. Kxf5 Bh8 51. Ke4 Kd6 52. d5 Bb2 53. Bc5+ Kd7 54. Bd4 Bxd4 55. Kxd4 Kd6 56. a4 bxa4 57. Kxc4 h4 58. gxh4 g3 59. h5 g2 60. h6 g1=Q 61. h7 Qh2 62. b5 Qxh7 63. b6 Qb7 64. Kb5 a3 65. Kb4 a2 66. Kb5 a1=R 67. Kc4 Qxb6 68. Kd3 Ra3+ 69. Ke4 Qe3+ 70. Kf5 Ra4 71. Kf6 Rf4+ 72. Kg7 Qg3+ 73. Kh8 Rh4# 0-1

[Event "Late-Titled-Tuesday-Blitz-July-09-2024"]
[Site "Chess.com"]
[Date "2024.07.09"]
[Round "7"]
[White "Narek_Ghimoyan"]
[Black "bancsoo"]
[Result "0-1"]
[WhiteElo "2520"]
[BlackElo "2855"]
[TimeControl "180+1"]
[EndTime "15:17:18 PDT"]
[Termination "bancsoo won by resignation"]

1. e4 d6 2. d4 e5 3. Nf3 exd4 4. Nxd4 Nf6 5. Nc3 Be7 6. Bf4 O-O 7. Qd2 Nc6 8.
O-O-O Nxd4 9. Qxd4 Be6 10. f3 a6 11. g4 b5 12. h4 c5 13. Qd2 b4 14. Nd5 Nxd5 15. exd5 Bd7 16. h5 Re8 17. Bd3 Bf8 18. g5 Qc8 19. g6 Bf5 20. gxf7+ Kxf7 21. Rdg1 c4 22. Bxf5 Qxf5 23. Rg5 Qf6 24. Rhg1 c3 25. Qh2 cxb2+ 26. Kb1 Rac8 27. Qh3 Qc3 28. Qf5+ Kg8 29.
h6 Re1+ 30. Rxe1 Qxe1+ 31. Kxb2 Qc3+ 32. Kb1 Re8 33. Rg1 a5 34. Bc1 a4 35. Qd7 b3 36.
Bb2 Re1+ 37. Rxe1 Qxe1+ 38. Bc1 bxc2+ 39. Kxc2 Qe2+ 40. Bd2 Qxf3 41. Qe6+ Qf7 42. hxg7 Bxg7 43. Qxd6 Qf5+ 44. Kd1 h5 45. Qe6+ Qxe6 46. dxe6 Kh7 47.
Bb4 Kg6 48. Ke2 Be5 49. Kf3 Kf6 50. e7 Kf7 51. Kg2 Bf6 52. Kh3 Bxe7 53. Bxe7 Kxe7 54. Kh4 Kd6 55. Kxh5 Kc5 56. Kg4 Kb4 57. Kf3 Ka3 58.
Ke2 Kxa2 59. Kd3 Kb2 60. Kc4 a3 0-1

[Event "Late-Titled-Tuesday-Blitz-July-09-2024"]
[Site "Chess.com"]
[Date "2024.07.09"]
[Round "7"]
[White "eightbyeightchess"]
[Black "dodorox"]
[Result "1-0"]
[WhiteElo "2389"]
[BlackElo "2187"]
[TimeControl "180+1"]
[EndTime "15:17:18 PDT"]
[Termination "eightbyeightchess won on time"]

1. e4 e6 2. d4 d5 3. e5 c5 4. c3 Nc6 5. Nf3 Qb6 6. Bd3 cxd4 7. O-O Bd7 8. Re1 Bc5 9. Re2 a5 10. Nbd2 dxc3 11. bxc3 Nh6 12. Rb1 Qc7 13. c4 Nb4 14. Nb3 Nxd3 15. Qxd3 dxc4 16. Qe4 cxb3 17. Bxh6 gxh6 18.
axb3 Bc6 19. Qf4 Rg8 20. Rd1 Rd8 21. Rde1 Qb6 22. Nh4 Qb4 23. Qxh6 Qg4 24. g3 Be7 25. Ng2 Qf3 26. Qh3 Qxg2+ 27. Qxg2 Bxg2 28. Kxg2 Rd3 29. Rc2 Kd7 30. Rec1 Rd8 31. Rc7+ Ke8 32. Rxb7 R3d5 33. f4 Kf8 34. Rcc7 Re8 35. Rd7 Rxd7 36. Rxd7 Rd8 37. Ra7 Bb4 38. g4 Rd3 39. f5 exf5 40. gxf5 Rxb3 41. f6 Ke8 42. e6 fxe6 43. Rxh7 Kf8 44. Ra7 e5 45. h4 e4 46. h5 Bc3 47.
Ra6 Kf7 48. h6 Bxf6 49. h7 Rb8 50. Kg3 Rh8 51. Ra7+ Kg6 52. Kf4 Rxh7 53. Rxa5 Re7 54.
Ra6 1-0

[Event "Late-Titled-Tuesday-Blitz-July-09-2024"]
[Site "Chess.com"]
[Date "2024.07.09"]
[Round "7"]
[White "GiorgianBarbosa"]
[Black "Millerkallpa"]
[Result "1-0"]
[WhiteElo "2512"]
[BlackElo "2266"]
[TimeControl "180+1"]
[EndTime "15:17:19 PDT"]
[Termination "GiorgianBarbosa won by resignation"]

1. b3 b6 2. Bb2 Bb7 3. Nf3 Nf6 4. Bxf6 exf6 5. g3 Be7 6. Bg2 O-O 7. O-O c5 8. c4 d5 9. Nh4 Na6 10. Nc3 Nc7 11. Nf5 Rb8 12. cxd5 Re8 13. Nxe7+ Qxe7 14. e4 Rbd8 15. d3 Qe5 16. Rc1 f5 17. Kh1 Qd4 18.
Ne2 Qb4 19. Rc4 Qa5 20. Ra4 Qb5 21. Nc3 Qd7 22. Rxa7 Bc8 23. a4 Qd6 24. Qf3 g6 25. h4 Qe5 26. Rc1 Na6 27. h5 Nb4 28. h6 Qd4 29. Bf1 Qf6 30. Nb5 Qg5 31. Qf4 Qxf4 32.
gxf4 fxe4 33. dxe4 Rxe4 34. Bc4 Nxd5 35. Rd1 Be6 36.
Bxd5 Rxf4 37. Kg1 Rg4+ 38. Kf1 Rh4 39. Ke2 Bg4+ 40. f3 Rh2+ 41. Ke3 Re8+ 42. Kf4 Be6 43. Bxe6 fxe6 44. Rdd7 Rh4+ 45. Kg3 Rxh6 46. Rg7+ Kh8 47. Nd6 Rf8 48. Rgf7 Rd8 49. Rfd7 Rxd7 50. Rxd7 Rh1 51. Nc8 Rb1 52. Nxb6 Rxb3 53. a5 Ra3 54. Ra7 h5 55.
Kh4 c4 56. Nxc4 Ra4 57. Rc7 1-0

[Event "Late-Titled-Tuesday-Blitz-July-09-2024"]
[Site "Chess.com"]
[Date "2024.07.09"]
[Round "7"]
[White "dawid498"]
[Black "cthulhuuu"]
[Result "0-1"]
[WhiteElo "2651"]
[BlackElo "2480"]
[TimeControl "180+1"]
[EndTime "15:17:20 PDT"]
[Termination "cthulhuuu won on time"]

1. e4 d6 2. d4 Nf6 3. Nd2 c6 4. Ngf3 Bg4 5. c3 e6 6. Bd3 d5 7. O-O Be7 8. exd5 cxd5 9. Qb3 Bxf3 10. Qxb7 Bxg2 11. Qxa8 Bxf1 12. Nxf1 Qc7 13. Ba6 O-O 14. Qb7 Qxb7 15. Bxb7 Rd8 16. Bf4 Bd6 17. Bxd6 Rxd6 18.
Ne3 Rb6 19. Ba8 Ne8 20. c4 Nc7 21. cxd5 Nxa8 22. Rc1 Kf8 23. Rc8+ Ke7 24. Nc4 Rb4 25. b3 exd5 26. Ne3 Kd7 27. Rg8 Nc7 28. Rxg7 Rxd4 29.
Rxf7+ Kc6 30. Rxh7 Rd2 31. h4 Nd7 32. h5 Ne5 33. h6 d4 34. Nf5 d3 35. Re7 Nf3+ 36.
Kg2 Ng5 37. h7 Nxh7 38. Rxh7 Rxa2 39. Rh6+ Kb7 40. Nd6+ Kc6 41. Nc4+ Kc5 42. Rd6 Nd5 43. Rd8 d2 44. Rc8+ Kd4 45. Ne3 Nxe3+ 46. fxe3+ Kxe3 47. Re8+ Kd3 48. Rd8+ Kc2 49. Kf3 d1=Q+ 50. Rxd1 Kxd1 0-1

[Event "Late-Titled-Tuesday-Blitz-July-09-2024"]
[Site "Chess.com"]
[Date "2024.07.09"]
[Round "7"]
[White "Bauman_Guy"]
[Black "Vladimir_2020"]
[Result "1/2-1/2"]
[WhiteElo "2918"]
[BlackElo "2780"]
[TimeControl "180+1"]
[EndTime "15:17:21 PDT"]
[Termination "Game drawn by repetition"]

1. e4 c5 2. Nf3 e6 3. d4 cxd4 4. Nxd4 a6 5. Bd3 Qc7 6. O-O Nf6 7. Qe2 d6 8. c4 Be7 9. Nc3 Nbd7 10. b3 b6 11. Bb2 Bb7 12. Kh1 O-O 13. Rae1 Rfe8 14. f4 e5 15. Nf5 Bf8 16. Nd5 Bxd5 17. exd5 exf4 18. Qd2 Ne5 19. Rxf4 g6 20. Ref1 Nh5 21.
Rh4 Qd8 22. Rxh5 gxh5 23. Nh6+ Bxh6 24. Qxh6 f5 25. Bxf5 Ra7 26. Be6+ Kh8 27. Rf5 Rg7 28. Rxe5 dxe5 29. Bxe5 Qe7 30. g3 Qf8 31. Kg2 Rd8 32. b4 a5 33. c5 bxc5 34. bxc5 Rb8 35. Qxg7+ Qxg7 36. Bxg7+ Kxg7 37. d6 Kf6 38. Bh3 Ke5 39. d7 Kd5 40. Bf5 Kxc5 41. Bxh7 Kd6 42. Bf5 Ke7 43. Kf3 Rb4 44. h3 Ra4 45. g4 Ra3+ 46. Kf4 Rxh3 47. g5 Rh2 48. g6 Rxa2 49. Kg5 Rg2+ 50.
Kxh5 a4 51. Kh6 a3 52. Bb1 Kxd7 53. g7 Ke7 54. Kh7 Rh2+ 55. Kg6 Rg2+ 56. Kh7 Rh2+ 57. Kg6 Rg2+ 58. Kh7 1/2-1/2

[Event "Late-Titled-Tuesday-Blitz-July-09-2024"]
[Site "Chess.com"]
[Date "2024.07.09"]
[Round "7"]
[White "i_like_explosions"]
[Black "slidingknight2775"]
[Result "1/2-1/2"]
[WhiteElo "2555"]
[BlackElo "2731"]
[TimeControl "180+1"]
[EndTime "15:17:21 PDT"]
[Termination "Game drawn - insufficient material"]

1. d4 Nf6 2. Bg5 d5 3. Bxf6 gxf6 4. e3 c5 5. dxc5 e6 6. c4 dxc4 7. Nc3 Qxd1+ 8. Rxd1 Bxc5 9. Bxc4 a6 10. a3 Ke7 11. b4 Ba7 12. Nf3 Nd7 13. Ne4 b5 14. Bb3 Bb7 15. Ned2 Rhg8 16. g3 Rac8 17. Ke2 Rc3 18. Rc1 Rgc8 19. Rxc3 Rxc3 20. Rb1 f5 21. Rb2 Nf6 22. Rc2 Nd5 23. Bxd5 Rxc2 24. Bxb7 Kd6 25. Ng5 f6 26. Nxh7 Ke7 27. e4 fxe4 28. Bxe4 Ra2 29. h4 Bxf2 30. Kxf2 Rxd2+ 31. Ke3 Ra2 32. h5 Kf7 33. h6 Rh2 34. Kd4 Rxh6 35. g4 Rh4 36.
Kc5 Rxg4 37. Bc2 Rh4 38. Kb6 Kg7 39. Kxa6 f5 40. Ng5 Kf6 41. Nf3 Rh3 42. Ne1 Rxa3+ 43.
Kxb5 e5 44. Kc5 e4 45. b5 Ke5 46. b6 Ra8 47. b7 Rb8 48. Kc6 f4 49. Kc7 Rh8 50. b8=Q Rxb8 51. Kxb8 f3 52. Nxf3+ exf3 53. Bd3 Kd4 54. Ba6 f2 55. Kc7 Kc5 56. Bf1 Kb4 57. Bh3 Kc3 58. Kd6 Kd2 59. Ke5 Ke3 60. Kf5 Kf3 61. Kg5 Kg3 62. Bf1 Kh2 63. Ba6 Kg1 64.
Kf4 Kg2 65. Ke3 Kg1 66. Be2 Kg2 67. Bf3+ Kg1 68. Be2 Kg2 69. Bf3+ Kg3 70. Be2 Kh2 71. Kxf2 1/2-1/2

[Event "Late-Titled-Tuesday-Blitz-July-09-2024"]
[Site "Chess.com"]
[Date "2024.07.09"]
[Round "7"]
[White "RebecaJimnz"]
[Black "BaylavChess"]
[Result "1-0"]
[WhiteElo "2303"]
[BlackElo "2393"]
[TimeControl "180+1"]
[EndTime "15:17:22 PDT"]
[Termination "RebecaJimnz won by checkmate"]

1. e4 c5 2. Nc3 Nc6 3. g3 g6 4.
Bg2 Bg7 5. d3 d6 6. Be3 Rb8 7.
Qd2 b5 8. Nge2 Nf6 9. h3 b4 10. Nd1 Nd7 11. Bh6 Bf6 12. f4 Nd4 13. Nc1 e5 14. c3 bxc3 15. bxc3 Nc6 16. O-O exf4 17. gxf4 Nb6 18. e5 dxe5 19. Bxc6+ Bd7 20. Bg2 Be6 21. Ne3 exf4 22. Ng4 g5 23. Nb3 Be7 24. Rae1 Rg8 25. Bc6+ Nd7 26. Ne5 Qc7 27. Bxd7+ Bxd7 28. Nxd7 Kxd7 29.
Qe2 Kd8 30. Qh5 Rg6 31. Re4 Rbb6 32. Rfe1 Bf6 33. Re8+ Kd7 34. Bf8 Kc6 35. c4 Kb7 36. Qf3+ Ka6 37. Nxc5+ Ka5 38. d4 Bxd4+ 39. Kg2 Bxc5 40.
Bxc5 Qxc5 41. R8e5 Rb2+ 42. Kh1 Kb4 43. Rxc5 Kxc5 44. Qd3 Rbb6 45. Qd5+ Kb4 46. Rb1+ Ka4 47. Rc1 Rgd6 48. Qe5 Re6 49. Qf5 f3 50. Qc2+ Ka5 51. c5 Rb4 52. Qc3 Kb5 53. Rf1 Rf4 54. Rxf3 Rc4 55.
Qd3 Re1+ 56. Kg2 Kxc5 57. Rf5+ Kb4 58. a3+ Ka4 59. Qxc4+ Kxa3 60. Rf3+ Kb2 61. Qb3+ Kc1 62. Rc3+ Kd2 63. Qc2# 1-0

[Event "Late-Titled-Tuesday-Blitz-July-09-2024"]
[Site "Chess.com"]
[Date "2024.07.09"]
[Round "7"]
[White "Jahonas"]
[Black "manitodeplomo"]
[Result "1/2-1/2"]
[WhiteElo "2440"]
[BlackElo "2605"]
[TimeControl "180+1"]
[EndTime "15:17:24 PDT"]
[Termination "Game drawn - insufficient material"]

1. d4 c5 2. dxc5 Qa5+ 3. Qd2 Qxc5 4. Qc3 e6 5. Be3 Qxc3+ 6. Nxc3 a6 7. a3 b5 8. f3 Nf6 9. Bf2 Bb7 10. e4 d6 11. Bd3 Nbd7 12. Nge2 Be7 13. O-O O-O 14. Rfd1 Rfc8 15. Rd2 Ne5 16. Rad1 Nc4 17. Bxc4 Rxc4 18. Nd4 Rac8 19. Nce2 g6 20. c3 d5 21. e5 Nd7 22.
f4 R4c7 23. Nb3 Ba8 24. Bd4 Rb8 25. Kf2 Nb6 26. Bxb6 Rxb6 27. Ned4 h5 28. g3 Bc6 29.
Nxc6 Rcxc6 30. Kf3 Rc4 31. Rd4 Rb8 32. R1d2 Rbc8 33. h3 Bd8 34. Rxc4 bxc4 35. Nd4 Bb6 36. Ne2 Bc5 37. g4 hxg4+ 38. hxg4 Rb8 39. f5 gxf5 40.
gxf5 Kf8 41. fxe6 fxe6 42. Nf4 Kf7 43. Rh2 d4 44. Rh7+ Kg8 45. Rc7 dxc3 46. bxc3 Bxa3 47. Nxe6 Bb2 48. Rxc4 Rb3 49. Ke4 Rxc3 50. Ra4 Rc6 51. Kd5 Rb6 52. Nc5 Rb5 53. e6 Bf6 54. Rxa6 Be7 55.
Rc6 Kg7 56. Kc4 Rb1 57. Nd7 Rc1+ 58. Kd5 Rd1+ 59. Ke4 Re1+ 60. Kf5 Rf1+ 61. Ke4 Re1+ 62. Kd5 Rd1+ 63. Kc4 Rc1+ 64. Kb5 Rb1+ 65. Ka6 Kg6 66. Ne5+ Kf5 67. Nc4 Re1 68. Kb7 Rxe6 69. Rxe6 Kxe6 1/2-1/2

[Event "Late-Titled-Tuesday-Blitz-July-09-2024"]
[Site "Chess.com"]
[Date "2024.07.09"]
[Round "7"]
[White "Hattori-Hanzo78"]
[Black "mind1mover"]
[Result "0-1"]
[WhiteElo "2592"]
[BlackElo "2814"]
[TimeControl "180+1"]
[EndTime "15:17:26 PDT"]
[Termination "mind1mover won on time"]

1. d4 d5 2. Nc3 Nc6 3. Bf4 Bf5 4. Nb5 Rc8 5. e3 a6 6. Na3 e6 7. Bd3 Bb4+ 8. c3 Bxa3 9. bxa3 Bxd3 10. Qxd3 Na5 11.
Nf3 Ne7 12. O-O O-O 13. Rab1 c5 14. h3 f6 15. Bh2 Qd7 16. Rb6 Nc4 17. Rb3 Nc6 18.
dxc5 N6a5 19. Rb4 Rxc5 20. e4 Rd8 21. Rd1 Qc8 22. Re1 e5 23. exd5 Rcxd5 24. Qe4 Nxa3 25.
Rb2 Qc4 26. Qf5 Rd1 27. Rb4 Rxe1+ 28. Nxe1 Rd1 29. Bg3 Rxe1+ 30. Kh2 Qc6 31. Rh4 g6 32. Qd3 h5 33. Qd8+ Kf7 34. Qxa5 Nc4 35. Qb4 Nd2 36. f3 Rd1 37. Bf2 Nf1+ 38. Kg1 Ng3+ 39. Kh2 Nf1+ 40. Kg1 b5 41. a4 Ng3+ 42. Kh2 Nf1+ 43. Kg1 Qd5 44. c4 Ne3+ 45. Kh2 Nf1+ 46. Kg1 bxc4 47. Qb6 Ng3+ 48. Kh2 Nf1+ 49. Kg1 Nd2+ 50. Kh2 Qd7 51. Qc5 Nf1+ 52. Kg1 Kg7 0-1

[Event "Late-Titled-Tuesday-Blitz-July-09-2024"]
[Site "Chess.com"]
[Date "2024.07.09"]
[Round "7"]
[White "ZakinIlay2306"]
[Black "wild3000"]
[Result "1-0"]
[WhiteElo "2318"]
[BlackElo "2439"]
[TimeControl "180+1"]
[EndTime "15:17:27 PDT"]
[Termination "ZakinIlay2306 won by checkmate"]

1. e4 d6 2. d4 e6 3. Nc3 a6 4.
Nf3 b5 5. Be3 Bb7 6. a3 Nf6 7.
Bd3 c5 8. dxc5 dxc5 9. e5 Nd5 10. Nxd5 Qxd5 11. O-O Nd7 12. a4 c4 13. Be2 Bc5 14. Qxd5 Bxd5 15. Bxc5 Nxc5 16. axb5 axb5 17. Rxa8+ Bxa8 18. Ra1 O-O 19. Nd4 Na4 20. b3 cxb3 21. cxb3 Nc3 22.
Bf1 b4 23. Nc2 Nd5 24. Ra4 Rb8 25. Bc4 g5 26. h4 h6 27. hxg5 hxg5 28. Ra7 Kg7 29.
Nd4 Bb7 30. Bxd5 Bxd5 31. f3 Rc8 32. Rd7 Rc3 33. Kf2 Rd3 34. Nxe6+ Kg6 35. Nc5 Rd1 36. Rd6+ Kf5 37. Nd7 g4 38. Rf6+ Kg5 39. f4+ Kh5 40.
Rf5+ Kh6 41. Nf6 Be6 42. Nxg4+ Kh7 43. Nf6+ Kg6 44. Rg5+ Kh6 45. Kg3 Rd3+ 46. Kh4 Rxb3 47. Ng8+ Kh7 48. Nf6+ Kh6 49. f5 Bc4 50. Rh5+ Kg7 51. Rh7+ Kf8 52. Rh8+ Kg7 53. Rg8+ Kh6 54. Ng4+ Kh7 55. Nf6+ Kh6 56. g4 Rh3+ 57. Kxh3 Bf1+ 58. Kh4 Bh3 59. g5# 1-0

[Event "Late-Titled-Tuesday-Blitz-July-09-2024"]
[Site "Chess.com"]
[Date "2024.07.09"]
[Round "7"]
[White "VitorBronson"]
[Black "Ganziitoo"]
[Result "0-1"]
[WhiteElo "2505"]
[BlackElo "2394"]
[TimeControl "180+1"]
[EndTime "15:17:31 PDT"]
[Termination "Ganziitoo won by checkmate"]

1. e4 c5 2. Nf3 Nc6 3. d4 cxd4 4. Nxd4 e5 5. Nb5 d6 6. N1c3 a6 7. Na3 Be7 8. Nd5 Nf6 9. Nxe7 Qxe7 10. Bd3 O-O 11.
Bg5 h6 12. Bh4 b5 13. c3 Qe6 14. O-O Nd7 15. Nc2 Nc5 16. Be2 Nxe4 17. Ne3 Nc5 18. Nd5 Ra7 19. Kh1 Kh8 20. f4 f5 21. fxe5 dxe5 22.
Ne3 Rd7 23. Qc2 Rdf7 24. Rae1 f4 25. Ng4 e4 26. b4 Nd7 27. Bf3 e3 28. Re2 Nde5 29.
Nxe5 Nxe5 30. Be4 Qg4 31. Be1 Bf5 32. Bxf5 Qxf5 33. Qb3 Nc4 34. Qd1 Qe4 35. Qc2 Qxc2 36. Rxc2 Rd7 37. Re2 Rd1 38. Kg1 g5 39. h4 Kh7 40.
hxg5 hxg5 41. a4 Kg6 42. axb5 axb5 43. Ra2 Kf5 44. Ra7 Kg4 45. Rh7 e2 46. Rf3 Rxe1+ 47.
Kf2 Rf1+ 48. Kxe2 Rxf3 49. gxf3+ Kf5 50. Rb7 Re8+ 51. Kf2 Re5 52. Rf7+ Kg6 53. Rb7 Rd5 54. Rb6+ Nxb6 55. Ke2 Nc4 56. Ke1 Rd2 57. Kf1 Kf5 58. Ke1 Ke5 59. Kf1 Rd3 60. Ke1 Rxc3 61. Kf1 Rxf3+ 62. Ke2 Re3+ 63. Kd1 Kd4 64. Kc2 Rc3+ 65. Kd1 Rb3 66. Ke2 g4 67. Kd1 Rb2 68. Kc1 Kd3 69.
Kd1 Rb1# 0-1

[Event "Late-Titled-Tuesday-Blitz-July-09-2024"]
[Site "Chess.com"]
[Date "2024.07.09"]
[Round "7"]
[White "Matalon"]
[Black "katharinareinecke"]
[Result "1/2-1/2"]
[WhiteElo "2464"]
[BlackElo "2095"]
[TimeControl "180+1"]
[EndTime "15:17:32 PDT"]
[Termination "Game drawn - insufficient material"]

1. e4 c6 2. Nc3 d5 3. Nf3 Bg4 4. h3 Bxf3 5. Qxf3 e6 6. d3 Nf6 7.
Bd2 d4 8. Ne2 c5 9. g4 Nc6 10.
g5 Nd7 11. h4 Qb6 12. b3 Nde5 13. Qg3 O-O-O 14. f4 Nd7 15. Bh3 Nb4 16. Bxb4 Qxb4+ 17. Kf2 Qd2 18. Rhd1 Qxc2 19. f5 e5 20. b4 f6 21.
bxc5 Bxc5 22. Rdc1 Qd2 23. a4 Kb8 24. Rab1 Qe3+ 25.
Qxe3 dxe3+ 26. Kf3 Bb6 27. Nc3 Nc5 28. Nd5 Nxd3 29. Rd1 Nf4 30. Bf1 Nxd5 31. exd5 fxg5 32. hxg5 Rhf8 33. Ke4 Bd4 34. Ba6 b6 35. a5 g6 36.
f6 h6 37. axb6 axb6 38. Bb5 hxg5 39. Rf1 Rd6 40. Bc6 Rdxf6 41. Rg1 Rf4+ 42. Kd3 e2 43. Kxe2 Bxg1 44. Rxg1 Rf2+ 45. Ke3 R8f3+ 46. Ke4 Rf5 47. Ra1 Kc7 48. Ra7+ Kd6 49. Rd7+ Kc5 50. Rc7 Kb4 51. d6 Re2+ 52. Kd5 Rd2+ 53. Ke6 g4 54. Be4 g3 55.
Bxf5 gxf5 56. Rg7 g2 57. d7 f4 58. Kxe5 f3 59. Rg4+ Kb3 60. Ke4 Rxd7 61. Kxf3 Rd3+ 62. Kxg2 Rd2+ 63. Kf1 b5 64. Ke1 Rc2 65. Kd1 b4 66. Rxb4+ Kxb4 67. Kxc2 1/2-1/2

[Event "Late-Titled-Tuesday-Blitz-July-09-2024"]
[Site "Chess.com"]
[Date "2024.07.09"]
[Round "7"]
[White "Jospem"]
[Black "andrejljepic"]
[Result "1-0"]
[WhiteElo "3093"]
[BlackElo "2495"]
[TimeControl "180+1"]
[EndTime "15:17:36 PDT"]
[Termination "Jospem won by resignation"]

1. e4 e6 2. d4 d5 3. Nc3 dxe4 4. Nxe4 Bd7 5. Nf3 Bc6 6. Bd3 Nd7 7. Qe2 Ngf6 8. Neg5 Bxf3 9. Nxf3 c6 10. Bd2 Bd6 11.
O-O-O Qc7 12. Kb1 O-O-O 13. c4 Rhe8 14. Bc3 Kb8 15. Rhe1 h6 16. g3 Bf8 17. a3 Ka8 18.
Ka2 a6 19. Bc2 Rc8 20. Ne5 Nxe5 21. dxe5 Nd7 22. Qf3 Nb8 23. Rd3 Rcd8 24. Red1 Rxd3 25. Rxd3 Re7 26. Bb4 c5 27. Bc3 Rd7 28. Rxd7 Qxd7 29. Be4 Ka7 30. Kb1 Kb6 31. Kc2 Nc6 32. Qe3 Nd4+ 33.
Kb1 Ka7 34. f4 g6 35. g4 Be7 36. Qf2 Qd8 37. Ka2 Kb8 38. b4 Qd7 39. Qb2 Ka7 40. Kb1 Kb8 41. Ka2 Ka7 42. h4 Bxh4 43. bxc5 Nc6 44.
Bd2 Bf2 45. f5 gxf5 46. gxf5 h5 47. fxe6 fxe6 48. Bb4 Bd4 49. Bxc6 bxc6 50. Qd2 h4 51. Bc3 h3 52. Bxd4 h2 53. Qxh2 Qxd4 54. Qh7+ Kb8 55. Qg8+ Kb7 56. Qf7+ Kb8 57. Qf8+ Kb7 58. Qe7+ Ka8 59.
Qd6 Qxc4+ 60. Kb2 Qe2+ 61. Kc3 Qe3+ 62. Kb4 Qe1+ 63. Ka4 Qe4+ 64. Ka5 Qc4 65. Qxc6+ Ka7 66. Qb6+ Ka8 67. Qxa6+ 1-0

[Event "Late-Titled-Tuesday-Blitz-July-09-2024"]
[Site "Chess.com"]
[Date "2024.07.09"]
[Round "7"]
[White "GlavkonVVS"]
[Black "carokannlover213"]
[Result "1/2-1/2"]
[WhiteElo "2584"]
[BlackElo "2705"]
[TimeControl "180+1"]
[EndTime "15:17:37 PDT"]
[Termination "Game drawn by repetition"]

1. c4 a6 2. e3 b5 3. cxb5 axb5 4. Bxb5 Ba6 5. Bxa6 Nxa6 6. d4 Nb4 7. a3 Nf6 8. Nc3 e6 9. Nf3 Be7 10. O-O O-O 11. e4 d5 12. e5 Ne4 13. Bd2 Nc6 14. Qc2 Nxd2 15. Qxd2 Na5 16. Qc2 Qb8 17. b4 Nc4 18. Qb3 Qb7 19. Rfb1 Rfb8 20. Na4 Ra7 21. Nc5 Qa8 22. a4 c6 23. Qc2 Nb6 24. a5 Nc4 25. h4 h6 26. g3 Rb5 27. Nd2 Bxc5 28. dxc5 Nxe5 29. Qc3 Ng4 30. Nf3 Rb8 31. Nd4 e5 32. Nf5 d4 33. Qf3 h5 34. Nd6 g6 35.
a6 Kg7 36. b5 cxb5 37. Qxa8 Rbxa8 38. Rxb5 Rxa6 39. Rxa6 Rxa6 40. Rb7 Ra1+ 41. Kg2 Rc1 42. Rxf7+ Kg8 43. Rc7 Rc2 44. Ne4 d3 45. Rd7 Rc4 46. Kf3 Rxe4 47. Kxe4 Nf6+ 48. Kxd3 Nxd7 49. c6 Nb6 50. Ke4 Kf7 51. Kxe5 Ke7 52. f3 Nc4+ 53.
Kf4 Kf6 54. c7 Nd6 55. g4 Ke6 56. Kg5 hxg4 57. fxg4 Kf7 58. h5 gxh5 59. gxh5 Kg7 60. h6+ Kh7 61. Kh5 Nc8 62. Kg5 Nd6 63. Kh5 Nc8 64. Kg5 Nd6 1/2-1/2

[Event "Late-Titled-Tuesday-Blitz-July-09-2024"]
[Site "Chess.com"]
[Date "2024.07.09"]
[Round "7"]
[White "rpragchess"]
[Black "jk13"]
[Result "1-0"]
[WhiteElo "3099"]
[BlackElo "2685"]
[TimeControl "180+1"]
[EndTime "15:17:38 PDT"]
[Termination "rpragchess won by resignation"]

1. c4 e6 2. Nc3 Bb4 3. h4 Nf6 4. e4 e5 5. Nd5 Bc5 6. d3 d6 7. Be2 Nxd5 8. cxd5 O-O 9. Nf3 f5 10. h5 h6 11. Qb3 Nd7 12. exf5 Nf6 13. Nh4 a5 14. Be3 a4 15. Qc4 b6 16. Bf3 Ba6 17. Qc2 Bb4+ 18. Kd1 a3 19. Ng6 Rf7 20. b3 Qe8 21. g4 Nh7 22. Be4 Qd8 23. f3 Ng5 24. Ke2 Bc5 25. Rac1 Bb5 26. Qd2 Bxe3 27. Qxe3 Be8 28.
Rc3 Rd7 29. Nh4 Ra5 30. Ng6 Bxg6 31. hxg6 Qf6 32. Rhc1 Ra7 33. Rc6 Nh3 34. Kd2 Nf4 35. Kc3 Qh4 36. Kb4 Qh2 37. R1c2 Qh4 38. Qf2 Qh1 39. Rc1 Qh3 40. R6c2 h5 41. gxh5 Qxh5 42. Qg3 Qh6 43. Rg1 Nh5 44. Qh4 Nf6 45. Qxh6 gxh6 46. Rc6 Kg7 47. Rh1 h5 48. Kc3 Ra5 49. b4 Ra7 50. Kb3 Ra8 51. Rc2 Ra7 52. Rch2 Rb7 53.
Rxh5 Nxh5 54. Rxh5 Kf6 55. Rh8 Rg7 56. Rf8+ Ke7 57.
Ra8 Kf6 58. Kxa3 b5 59. Kb3 Ke7 60. a3 Kf6 61. Kc3 Ke7 62. Kd2 Kf6 63. Ke3 Re7 64.
Kf2 Kg7 65. Kg3 Kf6 66. Kg4 Rg7 67. Kh5 Rb6 68. Kh6 Re7 69. Rf8+ 1-0

[Event "Late-Titled-Tuesday-Blitz-July-09-2024"]
[Site "Chess.com"]
[Date "2024.07.09"]
[Round "7"]
[White "DanielNaroditsky"]
[Black "Vladimir_Zakhartsov"]
[Result "1-0"]
[WhiteElo "3096"]
[BlackElo "2900"]
[TimeControl "180+1"]
[EndTime "15:17:39 PDT"]
[Termination "DanielNaroditsky won by checkmate"]

1. d4 Nf6 2. Nf3 e6 3. e3 c5 4.
Bd3 d5 5. b3 cxd4 6. exd4 Bd6 7. O-O O-O 8. Bb2 Nc6 9. Nbd2 Nb4 10. Be2 Ne4 11. c3 Nc6 12. c4 f5 13. Ne5 Nxe5 14. dxe5 Bc5 15. cxd5 exd5 16. Rc1 Bb6 17.
Nf3 Be6 18. Nd4 Qd7 19. f3 Ng5 20. Qd2 h6 21. Kh1 a6 22. Rfd1 Rfd8 23. h4 Nf7 24. f4 Bxd4 25. Bxd4 Rdc8 26. Rxc8+ Rxc8 27. h5 Nd8 28.
Bf3 Bf7 29. Bb6 Kh7 30. Bxd5 Ne6 31. Be4 Qe7 32. Bxf5+ Kh8 33. Qf2 Bxh5 34. Rd6 Bf7 35. Kh2 Rf8 36. Qg3 Bg8 37. Qg4 Rxf5 38. Qxf5 Qh4+ 39.
Qh3 Qxf4+ 40. Qg3 Qf5 41. Be3 Qh5+ 42. Kg1 Qe2 43. Qf2 Qg4 44. Qf3 Qh4 45. Bf2 Qg5 46. Qg3 Qc1+ 47. Kh2 Qc2 48. Rd7 Qe4 49. Be3 b5 50.
Re7 Qf5 51. Kg1 Qb1+ 52. Kh2 Qf5 53. Ra7 Qh5+ 54. Qh3 Qxe5+ 55. Kh1 Qa1+ 56. Bg1 Qe5 57. Re7 Qf6 58. Re8 Qf7 59. Rb8 Qg6 60. Qh2 Kh7 61. Be3 Qb1+ 62. Qg1 Qe4 63. Qf2 Qb1+ 64. Kh2 Qe4 65. Qg3 Qf5 66. Rb7 Qh5+ 67. Qh3 Qe5+ 68. Kh1 Qe4 69. Qxh6# 1-0